 Dungeon Crawl Stone Soup version 0.31.0-1-g2c135a0 (webtiles) character file.

Game seed: 7976507600279550339

58522 Biscolet the Severer (level 14, -3/138 HPs)
             Began as a Minotaur Fighter on Mar 19, 2024.
             Was an Initiate of Gozag.
             Collided with a briar patch (15 damage)
             ... after being knocked back by a swamp worm
             ... on level 4 of the Lair of Beasts.
             The game lasted 00:44:26 (18853 turns).

Biscolet the Severer (Minotaur Fighter)            Turns: 18853, Time: 00:44:27

Health: -3/138     AC: 25    Str: 25    XL:     14   Next: 49%
Magic:  13/13      EV:  8    Int:  5    God:    Gozag
Gold:   5465       SH:  0    Dex: 11    Spells: 13/13 levels left

rFire   + + +        H - +8 frozen axe "Frostbite" {freeze, freezing cloud, *Noise Fly rC+}
rCold   + . .        (shield currently unavailable)
rNeg    . . .        P - +2 plate armour {rF+}
rPois   .            (helmet restricted)
rElec   .            T - +2 cloak {rF+}
rCorr   +            (no gloves)
SInv    .            F - +0 pair of boots {Stlth+}
Will    +....        m - amulet of the acrobat Stlth
                     M - ring of resist corrosion
HPRegen 0.43/turn    R - ring of protection from fire
MPRegen 0.13/turn

%: acrobat
@: lethally poisoned (-3 -> -28), gold aura, flying, slowed, very slow
A: horns 2, retaliatory headbutt
a: Renounce Religion, Potion Petition, Call Merchant, Bribe Branch


You were on level 4 of the Lair of Beasts.
You worshipped Gozag.
Gozag was greatly pleased with you.
You visited 2 branches of the dungeon, and saw 17 of its levels.
You also visited: Ossuary and Volcano.

You collected 9142 gold pieces.
You spent 3618 gold pieces at shops.
You paid 59 gold pieces to Gozag.

Inventory:

Hand Weapons
 H - the +8 frozen axe "Frostbite" (weapon) {freeze, freezing cloud, *Noise Fly rC+}
   (You bought it in a shop on level 8 of the Dungeon)

   rC+:       It protects you from cold.
   Fly:       It grants you flight.
   *Noise:    It may make a loud noise when swung.
 S - the +9 spear of Kirafia {flame, *Noise rElec Will++ Stlth+}
   (You took it off a spriggan on level 5 of the Lair of Beasts)

   rElec:     It insulates you from electricity.
   Will++:    It greatly increases your willpower.
   *Noise:    It may make a loud noise when swung.
   Stlth+:    It makes you more stealthy.
Missiles
 K - 2 throwing nets
Armour
 s - a +0 tower shield
 t - +0 pearl dragon scales
 F - a +0 pair of boots of stealth (worn)
 P - a +2 plate armour of fire resistance (worn)
 T - a +2 cloak of fire resistance (worn)
Jewellery
 f - a ring of fire
 h - a ring of see invisible
 m - an amulet of the acrobat (around neck)
 I - a ring of fire
 M - a ring of resist corrosion (left hand)
 N - a ring of positive energy
 R - a ring of protection from fire (right hand)
 V - a ring of magical power
Wands
 r - a wand of iceblast (9) (quivered)
 y - a wand of flame (18)
 C - a wand of paralysis (22)
 J - a wand of polymorph (4)
Scrolls
 b - 12 scrolls of enchant armour {unknown}
 c - 2 scrolls of immolation
 g - a scroll of enchant weapon
 i - 4 scrolls of poison {unknown}
 n - 5 scrolls of teleportation {unknown}
 o - 5 scrolls of fog {unknown}
 p - a scroll of blinking
 q - 5 scrolls of amnesia
 B - a scroll of identify
 E - 3 scrolls of revelation
 G - 3 scrolls of fear {unknown}
 L - a scroll of vulnerability {unknown}
Potions
 a - 3 potions of berserk rage
 d - 4 potions of might
 e - 17 potions of curing
 j - a potion of enlightenment
 k - 3 potions of ambrosia
 l - 3 potions of brilliance
 u - 2 potions of mutation
 v - 5 potions of lignification
 w - 3 potions of magic
 x - 5 potions of heal wounds
 z - 3 potions of attraction
 A - 2 potions of cancellation
 D - 3 potions of invisibility
 Q - 5 potions of degeneration {unknown}
 U - a potion of haste {unknown}
Miscellaneous
 O - a lightning rod (4/4)


   Skills:
 + Level 16.8 Fighting
 - Level 20.0 Axes
 - Level 18.0 Armour
 - Level 8.0 Shields


You had 13 spell levels left.
You didn't know any spells.
Your spell library contained the following spells:

 Spells                   Type           Power      Damage    Failure   Level
 Kiss of Death            Conj/Necr      0%         2d5       97%         1
 Magic Dart               Conj           0%         1d3       97%         1
 Shock                    Conj/Air       0%         1d3       97%         1
 Call Imp                 Summ           0%         N/A       99%         2
 Cigotuvi's Dreadful Rot  Necr/Alch/Air  0%         N/A       99%         2
 Searing Ray              Conj           0%         2d4       99%         2
 Sublimation of Blood     Necr           0%         N/A       99%         2
 Confusing Touch          Hex            0%         N/A       100%        3
 Summon Ice Beast         Ice/Summ       0%         N/A       100%        3
 Swiftness                Air            0%         N/A       100%        3
 Tukima's Dance           Hex            0%         N/A       100%        3
 Airstrike                Air            0%         2d(0-16)  100%        4
 Dimensional Bullseye     Hex/Tloc       0%         N/A       100%        4
 Dispel Undead            Necr           0%         3d6       100%        4
 Fulminant Prism          Conj/Alch      0%         3d5       100%        4
 Iskenderun's Mystic Bla  Conj/Tloc      0%         2d3       100%        4
 Leda's Liquefaction      Alch/Erth      0%         N/A       100%        4
 Martyr's Knell           Necr/Summ      0%         N/A       100%        4
 Vhi's Electric Charge    Tloc/Air       0%         N/A       100%        4
 Arcjolt                  Conj/Air       0%         1d10      100%        5
 Lee's Rapid Deconstruct  Erth           0%         3d4*      100%        5
 Summon Mana Viper        Hex/Summ       0%         N/A       100%        5
 Bombard                  Conj/Erth      0%         9d1       100%        6
 Death Channel            Necr           0%         N/A       100%        6
 Monstrous Menagerie      Summ           0%         N/A       100%        7
 Summon Hydra             Summ           0%         N/A       100%        7
 Maxwell's Capacitive Co  Air            0%         ∞         100%        8


Dungeon Overview and Level Annotations

Branches:
Dungeon (12/15)            Temple (0/1) D:7            Lair (5/5) D:9
  Slime (0/5) Lair:5          Orc (0/2) D:10        Ossuary (visited)
Volcano (visited)
  Swamp: Lair:2-3    Shoals: Lair:2-3     Snake: Lair:2-3    Spider: Lair:2-3

Altars:
Ashenzari
Cheibriados
Dithmenos
Gozag
Okawaru
Ru
Sif Muna
Trog
Vehumet
Xom
The Shining One

Shops:
D:2 *   D:5 *   D:8 *

Annotations:
D:12 Soedd's ghost, journeyman DgAr
Lair:4 1 transporter


Innate Abilities, Weirdness & Mutations

You have a pair of horns on your head.
You reflexively headbutt those who attack you in melee.


Message History

The swamp worm fires a harpoon shot at you.
The harpoon shot hits you!
You are yanked forward by the harpoon shot.
The swamp worm fires a harpoon shot at you.
The harpoon shot hits you!!
You are yanked forward by the harpoon shot.
You collide with the briar patch!
The briar patch is destroyed!
The swamp worm barely misses you.
The swamp worm fires a harpoon shot at you.
The harpoon shot hits you!
You are yanked forward by the harpoon shot.
You collide with the briar patch!
The briar patch is severely damaged.
You become entangled in the net!
The swamp worm fires a harpoon shot at you.
The harpoon shot hits you!
You are yanked forward by the harpoon shot.
You collide with the briar patch!
The briar patch is severely damaged.
* * * LOW HITPOINT WARNING * * *
There is a net trap here.
You see here a throwing net.
Unknown command.
Blink to where?
Press: ? - help, Dir - move target
As you read the scroll of blinking, it crumbles to dust.
You are engulfed in dark miasma.
You are more poisoned.
You feel as though you will be slow longer.
* * * LOW HITPOINT WARNING * * *
x2 You feel extremely sick.
The swamp worm fires a harpoon shot at you.
The harpoon shot hits you!
* * * LOW HITPOINT WARNING * * *
You are yanked forward by the harpoon shot.
You collide with the briar patch!
The briar patch is severely damaged.
You die...
Your body crumbles into a pile of gold.

#................................
................................#
................................#
................©...............#
..............#####.............#
#.............#[©=#.............#
#.............#$?!#.............#
#...........####+####...........#
#...........##§P@P≈w#...........#
#...........#w≈P^P≈##............
............###○^.≈♣#............
............#w≈P§○###............
............##≈P^P≈$#............
#...........#w§P^.≈##............
##..........##≈§^.≈$#............
##...)......###P©.###............
#P............#####..............


You could see 4 swamp worms.

Vanquished Creatures
  The ghost of mushindo the Thaumaturge, a journeyman GnWr of Gozag (Lair:5)
  The ghost of Quuh the Stickfighter, a journeyman MiGl of Trog (Lair:4)
  2 fire dragons
  2 ice dragons (Lair:5)
  A catoblepas (Lair:5)
  A boulder beetle (D:11)
  4 two-headed ogres
  8 death yaks
  2 skysharks (Lair:5)
  A swamp dragon (Lair:5)
  A lindwurm (Lair:5)
  3 salamanders (Volcano)
  9 elephants (Lair:4)
  3 black mambas
  A cyclops (D:11)
  A gargoyle (D:12)
  12 cane toads
  5 torpor snails (Lair:5)
  3 rime drakes
  12 komodo dragons
  3 red devils (D:9)
  4 tyrant leeches (Lair:5)
  10 hornets
  2 trolls
  5 polar bears
  11 blink frogs
  A dream sheep (Lair:4)
  Prince Ribbit (D:5)
  A vampire (D:11)
  A shadow (D:10)
  3 spriggans (Lair:5)
  Sigmund (D:4)
  6 wyverns
  4 basilisks
  59 yaks
  13 fire bats (Volcano)
  2 steam dragons
  2 swamp worms (Lair:4)
  3 acid dragons
  13 water moccasins
  2 sky beasts
  5 black bears
  4 swamp drakes (Lair:5)
  2 ice beasts
  8 orc warriors
  5 ogres
  10 wolves
  A boggart (Lair:5)
  A centaur (D:8)
  3 phantoms
  2 elf zombies (Ossuary)
  10 bullfrogs
  2 scorpions (D:5)
  13 wights
  9 killer bees (D:9)
  A howler monkey (D:9)
  5 electric eels (D:8)
  A centaur zombie (Ossuary)
  2 jellies
  4 hounds
  10 orc priests
  A gnoll bouda (D:7)
  8 iguanas
  16 orc wizards
  4 hell rats (D:9)
  4 hound zombies (Ossuary)
  3 mummies
  3 gnolls (D:7)
  10 adders
  A river rat (D:9)
  4 shadow imps
  5 white imps
  2 ufetubi (D:5)
  3 adder zombies (Ossuary)
  A dart slug (D:5)
  60 orcs
  6 endoplasms
  A giant cockroach (D:4)
  7 goblins
  5 hobgoblins
  7 jackals (D:1)
  5 quokkas
  7 ball pythons
  4 bats
  2 frilled lizards
  14 gnoll zombies (Ossuary)
  7 jackal zombies (Ossuary)
  4 kobolds
  2 kobold zombies
  6 orc zombies
  3 rats
523 creatures vanquished.

Vanquished Creatures (others)
  A bat (D:3)
1 creature vanquished.

Grand Total: 524 creatures vanquished

Notes
Turn   | Place    | Note
-------+----------+-------------------------------------------
     0 | D:1      | Biscolet the Minotaur Fighter began the quest for the Orb.
     0 | D:1      | Reached XP level 1. HP: 19/19 MP: 0/0
   140 | D:1      | Reached XP level 2. HP: 23/26 MP: 1/1
   412 | D:1      | Reached skill level 3 in Axes
   973 | D:2      | Reached XP level 3. HP: 31/31 MP: 2/2
   995 | D:2      | Reached skill level 4 in Axes
  1257 | D:2      | Found Tionok's General Store.
  1819 | D:3      | Found a radiant altar of Vehumet.
  2375 | D:4      | Found an opulent altar of Gozag.
  2377 | D:4      | Noticed Sigmund
  2387 | D:4      | Killed Sigmund
  2388 | D:4      | Reached skill level 6 in Axes
  2388 | D:4      | Reached XP level 4. HP: 39/39 MP: 3/3
  2388 | D:4      | Reached XP level 5. HP: 45/45 MP: 4/4
  2402 | D:4      | Reached skill level 7 in Axes
  2422 | D:4      | Reached XP level 6. HP: 51/51 MP: 5/5
  2452 | D:4      | Became a worshipper of Gozag Ym Sagoz the Greedy
  2537 | D:4      | Reached skill level 8 in Axes
  2582 | D:4      | Found a bloodstained altar of Trog.
  2973 | D:5      | Entered Level 5 of the Dungeon
  2974 | D:5      | Noticed Prince Ribbit
  2978 | D:5      | Reached skill level 9 in Axes
  2978 | D:5      | Reached XP level 7. HP: 57/57 MP: 6/6
  2987 | D:5      | Killed Prince Ribbit
  2988 | D:5      | Reached skill level 10 in Axes
  3359 | D:5      | Reached skill level 11 in Axes
  3359 | D:5      | Reached XP level 8. HP: 59/64 MP: 7/7
  3389 | D:5      | Found a sand-covered staircase.
  3398 | Ossuary  | Entered an ossuary
  3737 | Ossuary  | Reached skill level 12 in Axes
  4027 | D:5      | Reached skill level 5 in Fighting
  4167 | D:5      | Found a shadowy altar of Dithmenos.
  4168 | D:5      | Found a snail-covered altar of Cheibriados.
  4369 | D:5      | Found Ugawiruf's General Store.
  5135 | D:2      | Bought a scroll of acquirement for 728 gold pieces
  5138 | D:2      | Acquired 1141 gold pieces
  5139 | D:2      | Acquired 308 gold pieces
  5693 | D:6      | Reached XP level 9. HP: 72/81 MP: 8/8
  5802 | D:6      | Found an iron altar of Okawaru.
  6019 | D:7      | Noticed a troll
  6020 | D:7      | Found a staircase to the Ecumenical Temple.
  6029 | D:7      | Killed a troll
  6139 | D:7      | Reached skill level 10 in Fighting
  6639 | D:7      | Found a shimmering altar of Xom.
  6779 | D:8      | Reached skill level 5 in Armour
  7966 | D:8      | Found a shimmering blue altar of Sif Muna.
  8129 | D:8      | Found Gareerar's General Store.
  8144 | D:8      | Reached skill level 5 in Shields
  8154 | D:8      | Reached XP level 10. HP: 54/93 MP: 9/9
  8773 | D:8      | Bought the +8 frozen axe "Frostbite" {freeze, freezing
                  | cloud, *Noise Fly rC+} for 706 gold pieces
  8773 | D:8      | Found the +8 frozen axe "Frostbite" {freeze, freezing
                  | cloud, *Noise Fly rC+}
  9111 | D:9      | Reached skill level 13 in Axes
  9168 | D:9      | Reached skill level 14 in Axes
  9297 | D:9      | Noticed a death yak
  9297 | D:9      | Noticed a death yak
  9299 | D:9      | Found a staircase to the Lair.
  9302 | D:9      | Noticed a death yak
  9314 | D:9      | Killed a death yak
  9319 | D:9      | Killed a death yak
  9320 | D:9      | Reached skill level 15 in Axes
  9320 | D:9      | Reached XP level 11. HP: 85/99 MP: 10/10
  9323 | D:9      | Killed a death yak
  9733 | D:9      | Found a glowing golden altar of the Shining One.
  9751 | D:9      | Found a broken altar of Ashenzari.
  9952 | D:10     | Entered Level 10 of the Dungeon
 10246 | D:10     | Noticed a two-headed ogre
 10254 | D:10     | Reached skill level 16 in Axes
 10256 | D:10     | Killed a two-headed ogre
 10427 | D:10     | Found a staircase to the Orcish Mines.
 10508 | D:10     | Found a sacrificial altar of Ru.
 11147 | D:11     | Noticed a two-headed ogre
 11153 | D:11     | Killed a two-headed ogre
 11319 | D:11     | Noticed a boulder beetle
 11325 | D:11     | Killed a boulder beetle
 11555 | D:11     | Reached skill level 17 in Axes
 12066 | D:12     | Noticed a two-headed ogre
 12071 | D:12     | Killed a two-headed ogre
 12113 | D:12     | Noticed Soedd's ghost (journeyman DgAr)
 12145 | D:12     | Reached XP level 12. HP: 68/112 MP: 11/11
 12269 | D:12     | Noticed a two-headed ogre
 12274 | D:12     | Killed a two-headed ogre
 12275 | D:12     | Reached skill level 18 in Axes
 12582 | D:2      | Bought 3 scrolls of acquirement for 2184 gold pieces
 12588 | D:2      | Acquired 751 gold pieces
 12589 | D:2      | Acquired a manual of Armour
 12590 | D:2      | Acquired 854 gold pieces
 12710 | Lair:1   | Entered Level 1 of the Lair of Beasts
 13549 | Lair:2   | Found the +7 Throatcutter {drain, coup de grace}
 13553 | Lair:2   | Reached skill level 10 in Armour
 14309 | Lair:3   | Noticed a death yak
 14309 | Lair:3   | Noticed a death yak
 14310 | Lair:3   | Noticed a death yak
 14310 | Lair:3   | Noticed a death yak
 14314 | Lair:3   | Noticed a death yak
 14914 | Lair:4   | Found a dark tunnel.
 14922 | Volcano  | Entered a volcano
 15024 | Volcano  | Reached XP level 13. HP: 91/124 MP: 12/12
 15278 | Volcano  | Reached skill level 19 in Axes
 15386 | Volcano  | Noticed a fire dragon
 15399 | Volcano  | Killed a fire dragon
 15622 | Lair:4   | Found a transporter.
 15646 | Lair:4   | Reached skill level 15 in Armour
 15658 | Lair:4   | Found a transporter.
 15664 | Lair:4   | Found a bloodstained altar of Trog.
 15690 | Lair:5   | Entered Level 5 of the Lair of Beasts
 16199 | Lair:5   | Reached skill level 20 in Axes
 16582 | Lair:5   | Found a runed translucent door.
 16583 | Lair:5   | Identified the +9 spear of Kirafia {flame, *Noise rElec
                  | Will++ Stlth+}
 16586 | Lair:5   | Noticed mushindo's ghost (journeyman GnWr)
 16604 | Lair:5   | Found a staircase to the Slime Pits.
 16799 | Lair:5   | Reached XP level 14. HP: 116/132 MP: 13/13
 17004 | Lair:5   | Killed mushindo's ghost
 17005 | Lair:5   | Reached skill level 15 in Fighting
 17966 | Lair:4   | Found a transporter.
 17984 | Lair:4   | Found a transporter.
 18452 | Lair:4   | Noticed Quuh's ghost (journeyman MiGl)
 18558 | Lair:4   | Killed Quuh's ghost
 18735 | Lair:4   | Identified the +3 sling of Putrescence {freeze, rPois rN+}
 18853 | Lair:4   | Collided with a briar patch

Illustrated notes

Levels and vault maps discovered:
D:1:      dpeg_arrival_round_b, layout_basic, dk_noncrumbling_4,
          minmay_fountain_box
D:2:      layout_basic, serial_shops, nicolae_shop_window_shopping,
          chequers_serial_rivers_micro_b
D:3:      layout_basic, fiery_altar_vehumet, corexii_corridor_pit
D:4:      layout_rooms, bloody_trog, amcnicky_altar_gilded, uniq_sigmund
D:5:      layout_basic, mainiacjoe_overflow_divided_tiny,
          nicolae_ossuary_entry_giza, serial_shops, shop, st_stairs_1,
          hangedman_abyss_or_decor_passed, corexii_hall_statues_x,
          nicolae_elevator_lobby_asterisk, uniq_prince_ribbit1
D:6:      layout_loops_corners, kennysheep_mini
D:7:      layout_loops_ring, mainiacjoe_overflow_small_starburst,
          minmay_temple_entry_offerings
D:8:      layout_loops_corners, kennysheep_mini_moat, serial_shops, shop,
          chequers_big_river
D:9:      layout_gridville, mainiacjoe_overflow_alcove_4, marbit_many_paths,
          dpeg_lair_monsters, einodemon_armed_red_devil_minivault
D:10:     layout_loops_ring, old_standard_altar, orc_0_dummy, special_room
          [special_room_orc]
D:11:     layout_cave_pods, minmay_splitting_lines,
          chequers_serial_rivers_micro_d, chequers_mini_garden,
          lemuel_old_faithful
D:12:     layout_loops_ring, gammafunk_ghost_hive, uniq_josephine, uniq_erolcha
Lair:1:   layout_small_grid, patterned_corridor
Lair:2:   layout_cave_shapes, spider_nest_entry_a, beast_lair_carwin_4,
          infiniplex_staircase_pool, grunt_megastairs_3, uniq_harold
Lair:3:   layout_regular_city, nicolae_shoals_entry_roost, uniq_sonja
Lair:4:   gammafunk_worm_tunnel, layout_regular_city,
          lightli_volcano_entry_magma_tube, nzn_ghost_randoct, basic_altar,
          cheibrodos_lair_reptile_den
Lair:5:   guppyfry_lair_end_dragon, layout_regular_city, wormcave,
          dpeg_slime_entry_enclosed, ebering_ghost_funeral_grove,
          bobbens_ice_dragon_lair

Skill      XL: |  1  2  3  4  5  6  7  8  9 10 11 12 13 14 |
---------------+-------------------------------------------+-----
Shields        | 4 6 8 |  8.0
Axes           | 3 6 7 9 11 12 15 17 18 20 | 20.0
Armour         | 4 8 13 17 18 | 18.0
Fighting       | 8 10 12 14 16 | 16.8

Action                     |  1- 3 |  4- 6 |  7- 9 | 10-12 | 13-15 || total
---------------------------+-------+-------+-------+-------+-------++-------
  Melee: War axe           |   101 |    45 |   363 |    42 |       ||   551
         Headbutt          |    12 |     3 |    64 |    63 |    60 ||   202
         Executioner's axe |       |       |       |   318 |   293 ||   611
  Evoke: Wand              |     2 |     5 |     2 |       |     1 ||    10
    Use: Scroll            |       |       |     2 |    21 |     3 ||    26
         Potion            |       |       |       |       |     1 ||     1
   Stab: Paralysed         |       |       |     6 |       |       ||     6
         Distracted        |       |       |       |     1 |     1 ||     2
         Petrified         |       |       |       |       |     3 ||     3
 Armour: Scale mail        |    64 |    35 |   117 |       |       ||   216
         Pearl dragon scal |       |       |   101 |   294 |    10 ||   405
         Plate armour      |       |       |       |       |   273 ||   273
  Dodge: Dodged            |    58 |    20 |    86 |   150 |   146 ||   460
  Block: Buckler           |    23 |    10 |    55 |     5 |       ||    93
